 Dungeon Crawl Stone Soup version 0.19.4-8-ga85b6b9 (webtiles) character file.

624 Kosschaser the Covert (level 7, -1/36 HPs)
             Began as a Vine Stalker Assassin on Feb 11, 2017.
             Was a Follower of Dithmenos.
             Slain by a big kobold (6 damage)
             ... in a sewer.
             The game lasted 00:20:33 (2069 turns).

Kosschaser the Covert (Vine Stalker Assassin)       Turns: 2069, Time: 00:20:33

Health: -1/36      AC:  3    Str: 14    XL:     7   Next: 47%
Magic:  0/8        EV: 13    Int: 11    God:    Dithmenos [*.....]
Gold:   135        SH:  0    Dex: 17    Spells: 0 memorised, 6 levels left

rFire  . . .     SeeInvis .     E - +0 dagger (freeze)
rCold  . . .     Gourm    .     c - +0 robe
rNeg   . . .     Faith    .     (no shield)
rPois  .         Spirit   +     (no helmet)
rElec  .         Reflect  .     d - +0 cloak
rCorr  .         Harm     .     (no gloves)
MR     .....                    (no boots)
Stlth  +++.......               (no amulet)
                                (no ring)
                                (no ring)

@: about to teleport, wreathed by umbra
A: fangs 2, regeneration 1, magic shield, antimagic bite, no device heal 3, rot
immunity
a: Renounce Religion


You were in a sewer.
You worshipped Dithmenos.
Dithmenos was aware of your devotion.
You were very hungry.

You visited 1 branch of the dungeon, and saw 3 of its levels.
You also visited: Sewer.

You collected 135 gold pieces.

Inventory:

Hand Weapons
 a - a +2 dagger
 b - a +0 blowgun
 s - a +1 dagger of electrocution
 x - a +3 dagger
 E - a +0 dagger of freezing (weapon)
Missiles
 e - 8 poisoned needles
 r - 2 curare-tipped needles
Armour
 c - a +0 robe (worn)
 d - a +0 cloak (worn)
 u - a +2 robe of magic resistance
Wands
 y - a wand of digging (20/24)
Scrolls
 h - a scroll of teleportation
 i - a scroll of remove curse
 l - a scroll of identify {unknown}
 m - a scroll of recharging {unknown}
 p - a scroll of blinking {unknown}
 q - a scroll of random uselessness {unknown}
 t - a scroll of enchant weapon {unknown}
 v - a scroll of fear {unknown}
 w - 2 scrolls of magic mapping {unknown}
Potions
 f - a potion of beneficial mutation {unknown}
 j - a potion of might
 k - 3 potions of curing {unknown}
 n - a potion of degeneration {unknown}
 B - a potion of heal wounds {unknown}
 C - a potion of lignification {unknown}
 D - a potion of magic {unknown}
Comestibles
 g - a bread ration
 o - a slice of pizza
 z - a beef jerky


   Skills:
 + Level 3.0 Fighting
 + Level 3.5 Short Blades
 + Level 2.5 Throwing
 + Level 2.0 Dodging
 * Level 8.8 Stealth


You had 6 spell levels left.
You didn't know any spells.

Dungeon Overview and Level Annotations

Branches:
Dungeon (3/15)

Altars:
Dithmenos
Elyvilon

Annotations:
D:2 Robin
D:3 Jerry's ghost, amateur HOFi


Innate Abilities, Weirdness & Mutations

You have extremely sharp teeth.
Your natural rate of healing is unusually fast.
When hurt, damage is shared between your health and your magic reserves.
Your bite disrupts and absorbs the magic of your enemies.
Potions and wands cannot restore your health.
You are immune to rotting.


Message History

Your unstable footing causes you to fumble your attack.
The big kobold hits you but does no damage.
The big kobold hits you with a short sword!
* * * LOW HITPOINT WARNING * * *
Your unstable footing causes you to fumble your attack.
The big kobold closely misses you. The big kobold barely misses you.
Your unstable footing causes you to fumble your attack.
The big kobold barely misses you.
The big kobold hits you with a short sword.
* * * LOW HITPOINT WARNING * * *
As you read the scroll of teleportation, it crumbles to dust.
You feel strangely unstable. The big kobold barely misses you.
The big kobold hits you with a short sword.
* * * LOW HITPOINT WARNING * * *
You hit the big kobold but do no damage.
You bite the big kobold, but do no damage.
The big kobold is almost dead.
Your unstable footing causes you to fumble your attack.
The big kobold hits you.
You die...

##≈.≈##
##≈≈≈##
#≈≈≈≈≈#
#≈≈..≈#
#≈###≈#
#≈###(#
#≈ #≈#
#≈# #.#
#≈ ##≈##
##≈###)##
#≈≈≈#
#†.≈#≈≈≈#
#≈#≈#
#≈#≈#≈#≈#
#K#K#
#≈#≈#≈#≈#
#≈#@#
#≈#≈#≈#≈#
#.#K#
#.#.#.#.#
#####
#########


You could see 2 big kobolds.

Vanquished Creatures
  5 big kobolds (Sewer)
  Jessica (D:2)
  Natasha (thrice) (D:2)
  A river rat (Sewer)
  7 adders
  2 oozes (Sewer)
  7 worms
  3 dart slugs (D:2)
  2 leopard geckos
  6 bats
  A giant cockroach (D:3)
  8 goblins
  7 hobgoblins
  2 jackals (D:2)
  A ball python (D:2)
  3 frilled lizards
  10 kobolds
  10 rats
79 creatures vanquished.

Notes
Turn   | Place    | Note
-------+----------+-------------------------------------------
     0 | D:1      | Kosschaser the Vine Stalker Assassin began the quest for the Orb.
     0 | D:1      | Reached XP level 1. HP: 11/11 MP: 2/2
   109 | D:1      | Reached skill level 5 in Stealth
   173 | D:1      | Reached XP level 2. HP: 15/15 MP: 3/3
   487 | D:2      | Reached XP level 3. HP: 16/18 MP: 4/4
   500 | D:2      | Reached skill level 6 in Stealth
   521 | D:2      | Noticed Natasha
   545 | D:2      | Killed Natasha
   553 | D:2      | Gained mutation: Your natural rate of healing is unusually fast. [Vine Stalker growth]
   553 | D:2      | Reached XP level 4. HP: 18/23 MP: 5/5
   574 | D:2      | Noticed Natasha
   603 | D:2      | Killed Natasha
   654 | D:2      | Noticed Robin
   681 | D:2      | Reached skill level 1 in Dodging
   802 | D:2      | Noticed Jessica
   806 | D:2      | Killed Jessica
   806 | D:2      | Reached XP level 5. HP: 26/26 MP: 6/6
   884 | D:2      | Found a white marble altar of Elyvilon.
  1104 | D:2      | Noticed Natasha
  1112 | D:2      | Killed Natasha
  1112 | D:2      | Reached skill level 7 in Stealth
  1227 | D:3      | Found a shadowy altar of Dithmenos.
  1244 | D:3      | Noticed Jerry's ghost (amateur HOFi)
  1246 | D:3      | Became a worshipper of Dithmenos the Shadowed
  1416 | D:3      | Found a glowing drain.
  1444 | Sewer    | Entered a sewer
  1526 | Sewer    | Reached XP level 6. HP: 32/32 MP: 7/7
  1769 | Sewer    | Reached skill level 8 in Stealth
  1769 | Sewer    | Reached XP level 7. HP: 30/35 MP: 8/8
  1980 | Sewer    | Reached * piety under Dithmenos
  2069 | Sewer    | Slain by a big kobold

Skill      XL: |  1  2  3  4  5  6  7 |
---------------+----------------------+-----
Stealth        | 5 6 7 8 |  8.8
Fighting       | 2 3 |  3.0
Short Blades   | 2 3 |  3.5
Throwing       | 2 |  2.5
Dodging        | 1 2 |  2.0

Action                   |  1- 3 |  4- 6 |  7- 9 || total
-------------------------+-------+-------+-------++-------
Melee: Dagger            |    50 |   162 |   101 ||   313
       Bite              |    13 |    32 |    40 ||    85
 Fire: Blowgun           |     3 |     4 |       ||     7
  Use: Scroll            |       |     1 |     3 ||     4
 Stab: Sleeping          |     3 |     7 |       ||    10
  Eat: Fruit             |       |     4 |       ||     4
Armor: Robe              |    12 |    17 |    11 ||    40
Dodge: Dodged            |    21 |    66 |    39 ||   126
